PA
PUT-IN-BAY BC @ SOUTH BEACH BLAZE
08/30/2034
 
TOP OF THE 1ST
Put-In-Bay BC batting - Pitching for South Beach Blaze : LHP Pavle Simic
Pitching: LHP Pavle Simic
Batting: RHB Álex Maroto 0-0: Ball
1-0: Called Strike
1-1: Foul Ball, location: 2F
1-2: Foul Ball, location: 2F
1-2: Fly out, F8 (Flyball, 8LM)
Batting: RHB Hyun-hi Choung 0-0: Ball
1-0: Called Strike
1-1: Ground out 5-3 (Groundball, 56)
Batting: SHB Yushua Harith 0-0: Ball
1-0: Called Strike
1-1: Ball
2-1: Foul Ball, location: 2F
2-2: Ball
3-2: Foul Ball, location: 2F
3-2: TRIPLE (Line Drive, 7D)
Batting: LHB Louie Shufflebotham 0-0: Swinging Strike
0-1: Called Strike
0-2: Foul Ball, location: 2F
0-2: Ball
1-2: Ball
2-2: Foul Ball, location: 2F
2-2: Ball
3-2: Base on Balls
Batting: RHB Roberto Reyes 0-0: Called Strike
0-1: Fielders Choice at 2nd, 5-4 (Groundball, 56)
Top of the 1st over - 0 runs, 1 hit, 0 errors, 2 left on base; Put-In-Bay 0 - South Beach 0
BOTTOM OF THE 1ST
South Beach Blaze batting - Pitching for Put-In-Bay BC : RHP Pedro Lucero
Pitching: RHP Pedro Lucero
Batting: RHB Maxence Sultanbekov 0-0: Ball
1-0: Ball
2-0: Ball
3-0: Called Strike
3-1: Swinging Strike
3-2: Base on Balls
Batting: SHB Eisse van Opdorp 0-0: Ball
1-0: Foul Ball, location: 2F
1-1: Called Strike
1-2: Strikes out swinging
Batting: LHB Lewis Blankenship 0-0: Foul Ball, location: 2F
0-1: Ball
1-1: Ball
2-1: Called Strike
2-2: Ground out 4-3 (Groundball, 4MS)
Maxence Sultanbekov to second
Batting: RHB Dave Broom 0-0: Ball
1-0: Foul Ball, location: 2F
1-1: Fly out, F8 (Flyball, 8RXD)
Bottom of the 1st over - 0 runs, 0 hits, 0 errors, 1 left on base; Put-In-Bay 0 - South Beach 0
TOP OF THE 2ND
Put-In-Bay BC batting - Pitching for South Beach Blaze : LHP Pavle Simic
Batting: RHB Scott Bray 0-0: Ball
1-0: Called Strike
1-1: Foul Ball, location: 2F
1-2: Foul Ball, location: 2F
1-2: Ball
2-2: Ball
3-2: Base on Balls
Batting: RHB Matous Sicak 0-0: Ball
1-0: Fly out, F7 (Flyball, 7S)
Batting: RHB Tex Quesada 0-0: Called Strike
0-1: Ball
1-1: Fly out, F7 (Flyball, 7)
Batting: LHB Ids Ulderink 0-0: Swinging Strike
0-1: Ball
1-1: Foul Ball, location: 2F
1-2: Ball
2-2: Strikes out swinging, 2-3 out at first.
Top of the 2nd over - 0 runs, 0 hits, 0 errors, 1 left on base; Put-In-Bay 0 - South Beach 0
BOTTOM OF THE 2ND
South Beach Blaze batting - Pitching for Put-In-Bay BC : RHP Pedro Lucero
Batting: SHB Noah Martone 0-0: Swinging Strike
0-1: Ball
1-1: Ball
2-1: Foul Ball, location: 2F
2-2: Ball
3-2: Strikes out looking
Batting: RHB Mikael Evangjeli 0-0: Fly out, F4 (Popup, 4S)
Batting: LHB Javier López 0-0: Ball
1-0: Ball
2-0: Ground out U3 (Groundball, 3)
Bottom of the 2nd over - 0 runs, 0 hits, 0 errors, 0 left on base; Put-In-Bay 0 - South Beach 0
TOP OF THE 3RD
Put-In-Bay BC batting - Pitching for South Beach Blaze : LHP Pavle Simic
Batting: RHB Álex Maroto 0-0: Ground out 4-3 (Groundball, 34)
Batting: RHB Hyun-hi Choung 0-0: Called Strike
0-1: Swinging Strike
0-2: Ball
1-2: SINGLE (Groundball, 56S) (infield hit)
Batting: SHB Yushua Harith 0-0: Fly out, F7 (Flyball, 7LM)
Batting: LHB Louie Shufflebotham 0-0: Ball
1-0: Ball
2-0: Ball
3-0: Base on Balls
Hyun-hi Choung to second
Batting: RHB Roberto Reyes 0-0: Ball
1-0: Called Strike
1-1: Ball
2-1: Foul Ball, location: 2F
2-2: Ball
3-2: Foul Ball, location: 2F
3-2: Ground out 5-3 (Groundball, 56S)
Top of the 3rd over - 0 runs, 1 hit, 0 errors, 2 left on base; Put-In-Bay 0 - South Beach 0
BOTTOM OF THE 3RD
South Beach Blaze batting - Pitching for Put-In-Bay BC : RHP Pedro Lucero
Batting: RHB Mark Patterson 0-0: Ball
1-0: Called Strike
1-1: Foul Ball, location: 2F
1-2: Foul Ball, location: 2F
1-2: Ball
2-2: Foul Ball, location: 2F
2-2: Foul Ball, location: 2F
2-2: Ground out 5-3 (Groundball, 56S)
Batting: LHB Tomislav Jovovich 0-0: Called Strike
0-1: Swinging Strike
0-2: DOUBLE (Line Drive, 9D)
Batting: RHB Maxence Sultanbekov 0-0: Ball
1-0: Hit by Pitch
Batting: SHB Eisse van Opdorp 0-0: Called Strike
0-1: Ball
1-1: Foul Ball, location: 2F
1-2: Ground out 3-1 (Groundball, 34S)
Tomislav Jovovich to third
Maxence Sultanbekov to second
Batting: LHB Lewis Blankenship 0-0: Called Strike
0-1: Swinging Strike
0-2: Foul Ball, location: 2F
0-2: Foul Ball, location: 2F
0-2: Strikes out swinging
Bottom of the 3rd over - 0 runs, 1 hit, 0 errors, 2 left on base; Put-In-Bay 0 - South Beach 0
TOP OF THE 4TH
Put-In-Bay BC batting - Pitching for South Beach Blaze : LHP Pavle Simic
Batting: RHB Scott Bray 0-0: Swinging Strike
0-1: SINGLE (Flyball, 89S)
Batting: RHB Matous Sicak 0-0: Called Strike
0-1: Ball
1-1: Ball
2-1: Ground out 6-3 (Groundball, 6S)
Scott Bray to second
Batting: RHB Tex Quesada 0-0: Ball
1-0: Ball
2-0: Fly out, F7 (Flyball, 7S)
Lined into DP, 7-4 (Flyball, 7S)
Top of the 4th over - 0 runs, 1 hit, 0 errors, 0 left on base; Put-In-Bay 0 - South Beach 0
BOTTOM OF THE 4TH
South Beach Blaze batting - Pitching for Put-In-Bay BC : RHP Pedro Lucero
Batting: RHB Dave Broom 0-0: Ball
1-0: Foul Ball, location: 2F
1-1: Ground out 4-3 (Groundball, 4)
Batting: SHB Noah Martone 0-0: Ball
1-0: Swinging Strike
1-1: Ball
2-1: Ball
3-1: Called Strike
3-2: Strikes out swinging
Batting: RHB Mikael Evangjeli 0-0: Called Strike
0-1: Ball
1-1: Ball
2-1: Ball
3-1: Called Strike
3-2: Base on Balls
Batting: LHB Javier López 0-0: Called Strike
0-1: Ball
1-1: Ground out 4-3 (Groundball, 4M)
Bottom of the 4th over - 0 runs, 0 hits, 0 errors, 1 left on base; Put-In-Bay 0 - South Beach 0
TOP OF THE 5TH
Put-In-Bay BC batting - Pitching for South Beach Blaze : LHP Pavle Simic
Batting: LHB Ids Ulderink 0-0: Called Strike
0-1: Foul Ball, location: 2F
0-2: Strikes out looking
Batting: RHB Álex Maroto 0-0: Foul Ball, location: 2F
0-1: Ball
1-1: Foul Ball, location: 2F
1-2: SINGLE (Line Drive, 34D)
Batting: RHB Hyun-hi Choung 0-0: Ball
Álex Maroto is caught stealing 2nd base
1-0: Ball
2-0: Called Strike
2-1: Foul Ball, location: 2F
2-2: Strikes out looking
Top of the 5th over - 0 runs, 1 hit, 0 errors, 0 left on base; Put-In-Bay 0 - South Beach 0
BOTTOM OF THE 5TH
South Beach Blaze batting - Pitching for Put-In-Bay BC : RHP Pedro Lucero
Batting: RHB Mark Patterson 0-0: Called Strike
0-1: Ball
1-1: Ball
2-1: Foul Ball, location: 2F
2-2: Fly out, F4 (Popup, 4D)
Batting: LHB Tomislav Jovovich 0-0: Ball
1-0: Ball
2-0: Foul Ball, location: 2F
2-1: Ball
3-1: Base on Balls
Batting: RHB Maxence Sultanbekov 0-0: Foul Ball, location: 2F
0-1: Ball
1-1: Ground out 3-1 (Groundball, 34)
Tomislav Jovovich to second
Batting: SHB Eisse van Opdorp 0-0: Called Strike
0-1: Ground out 4-3 (Groundball, 4)
Bottom of the 5th over - 0 runs, 0 hits, 0 errors, 1 left on base; Put-In-Bay 0 - South Beach 0
TOP OF THE 6TH
Put-In-Bay BC batting - Pitching for South Beach Blaze : LHP Pavle Simic
Batting: SHB Yushua Harith 0-0: Ball
1-0: Foul Ball, location: 2F
1-1: Called Strike
1-2: Ball
2-2: Fly out, F8 (Line Drive, 8LD)
Batting: LHB Louie Shufflebotham 0-0: Ball
1-0: Called Strike
1-1: Foul Ball, location: 2F
1-2: Ball
2-2: SINGLE (Line Drive, 34)
Pitching: RHP Jacob Swanson
Batting: RHB Roberto Reyes 0-0: Ball
1-0: Ball
2-0: Foul Ball, location: 2F
2-1: Foul Ball, location: 2F
2-2: Fly out, F7 (Line Drive, 7D)
Batting: RHB Scott Bray 0-0: Ball
1-0: Foul Ball, location: 2F
1-1: Called Strike
1-2: Foul Ball, location: 2F
1-2: Fly out, F7 (Flyball, 78D)
Top of the 6th over - 0 runs, 1 hit, 0 errors, 1 left on base; Put-In-Bay 0 - South Beach 0
BOTTOM OF THE 6TH
South Beach Blaze batting - Pitching for Put-In-Bay BC : RHP Pedro Lucero
Batting: LHB Lewis Blankenship 0-0: SINGLE (Groundball, 34D)
Batting: RHB Dave Broom 0-0: Called Strike
0-1: Ball
1-1: SINGLE (Groundball, 34D)
Lewis Blankenship to second
Runner from 2nd tries for 3rd, SAFE, no throw
Batting: SHB Noah Martone 0-0: Ball
1-0: Swinging Strike
1-1: Fly out, F7 (Flyball, 56D)
Runner from 3rd tags up, SCORES, no throw
Batting: RHB Mikael Evangjeli 0-0: DOUBLE (Groundball, 5L)
Dave Broom to third
Batting: LHB Javier López 0-0: Ball
1-0: Ball
2-0: Fly out, F9 (Flyball, 9)
Runner from 3rd tags up, SCORES, no throw
Batting: RHB Mark Patterson 0-0: Called Strike
0-1: Foul Ball, location: 2F
0-2: Ball
1-2: Ground out 1-3 (Groundball, 13)
Bottom of the 6th over - 2 runs, 3 hits, 0 errors, 1 left on base; Put-In-Bay 0 - South Beach 2
TOP OF THE 7TH
Put-In-Bay BC batting - Pitching for South Beach Blaze : RHP Jacob Swanson
Batting: RHB Matous Sicak 0-0: Foul Ball, location: 2F
0-1: Foul Ball, location: 2F
0-2: Strikes out swinging
Batting: RHB Tex Quesada 0-0: Ball
1-0: Ball
2-0: Ball
3-0: Base on Balls
Batting: LHB Ids Ulderink 0-0: Called Strike
0-1: Ball
1-1: Ball
2-1: Foul Ball, location: 2F
2-2: Ball
3-2: Base on Balls
Tex Quesada to second
Pinch Hitting: LHB Pablo Martínez 0-0: Called Strike
0-1: Ball
1-1: Ball
2-1: Called Strike
2-2: Ball
3-2: Foul Ball, location: 2F
3-2: Base on Balls
Tex Quesada to third
Ids Ulderink to second
Batting: RHB Hyun-hi Choung 0-0: Called Strike
0-1: Swinging Strike
0-2: Ball
1-2: Strikes out looking
Batting: SHB Yushua Harith 0-0: Foul Ball, location: 2F
0-1: Ball
1-1: Swinging Strike
1-2: Foul Ball, location: 2F
1-2: Ball
2-2: Foul Ball, location: 2F
2-2: Strikes out looking
Top of the 7th over - 0 runs, 0 hits, 0 errors, 3 left on base; Put-In-Bay 0 - South Beach 2
BOTTOM OF THE 7TH
South Beach Blaze batting - Pitching for Put-In-Bay BC : RHP Pedro Lucero
Now at SS: Leonard Hammond
Batting: LHB Tomislav Jovovich 0-0: Called Strike
0-1: Fly out, F8 (Line Drive, 8RD)
Batting: RHB Maxence Sultanbekov 0-0: Called Strike
0-1: Ball
1-1: Ball
2-1: Ground out 5-3 (Groundball, 56)
Batting: SHB Eisse van Opdorp 0-0: Ball
1-0: Ball
2-0: Ball
3-0: Called Strike
3-1: Fly out, F9 (Flyball, 9S)
Bottom of the 7th over - 0 runs, 0 hits, 0 errors, 0 left on base; Put-In-Bay 0 - South Beach 2
TOP OF THE 8TH
Put-In-Bay BC batting - Pitching for South Beach Blaze : RHP Jacob Swanson
Batting: LHB Louie Shufflebotham 0-0: Foul Ball, location: 2F
0-1: Ground out 4-3 (Groundball, 4M)
Batting: RHB Roberto Reyes 0-0: Ball
1-0: Ground out 6-3 (Groundball, 6S)
Batting: RHB Scott Bray 0-0: Ball
1-0: Ground out 6-3 (Groundball, 6)
Top of the 8th over - 0 runs, 0 hits, 0 errors, 0 left on base; Put-In-Bay 0 - South Beach 2
BOTTOM OF THE 8TH
South Beach Blaze batting - Pitching for Put-In-Bay BC : RHP Pedro Lucero
Batting: LHB Lewis Blankenship 0-0: Swinging Strike
0-1: Swinging Strike
0-2: Ball
1-2: Strikes out swinging
Batting: RHB Dave Broom 0-0: Ball
1-0: Ball
2-0: Ball
3-0: Foul Ball, location: 2F
3-1: Swinging Strike
3-2: Foul Ball, location: 2F
3-2: Base on Balls
Pitching: LHP Jack Ortíz
Batting: SHB Noah Martone 0-0: Ball
1-0: Ground out 5-3 (Groundball, 56S)
Dave Broom to second
Batting: RHB Mikael Evangjeli 0-0: Ball
1-0: Ball
2-0: Ball
3-0: Base on Balls
Pinch Hitting: RHB Marcos Reyes 0-0: Ball
Throwing error on steal attempt, E2
Dave Broom scores
Mikael Evangjeli to third
1-0: Ball
2-0: 2-RUN HOME RUN (Flyball, 7LD), Distance : 379 ft
Batting: RHB Mark Patterson 0-0: Foul Ball, location: 2F
0-1: Foul Ball, location: 2F
0-2: Fly out, F6 (Line Drive, 6M)
Bottom of the 8th over - 3 runs, 1 hit, 1 error, 0 left on base; Put-In-Bay 0 - South Beach 5
TOP OF THE 9TH
Put-In-Bay BC batting - Pitching for South Beach Blaze : RHP Jacob Swanson
Now at 2B: Yao-qing Huang
Batting: RHB Matous Sicak 0-0: Called Strike
0-1: Ball
1-1: Ground out 5-3 (Groundball, 56)
Batting: RHB Tex Quesada 0-0: Foul Ball, location: 2F
0-1: Called Strike
0-2: Ground out 5-3 (Groundball, 56)
Batting: LHB Ids Ulderink 0-0: Ball
1-0: Foul Ball, location: 2F
1-1: Swinging Strike
1-2: Strikes out swinging
Top of the 9th over - 0 runs, 0 hits, 0 errors, 0 left on base; Put-In-Bay 0 - South Beach 5
Friday, March 29th, 2019 - OOTP Baseball 18.8 Build 76